 Dungeon Crawl Stone Soup version 0.27.1-2-g3b301248ec (webtiles) character file.

Game seed: 13235063572212623904

697 raph the Spear-Bearer (level 7, 0/50 HPs)
             Began as a Merfolk Gladiator on Oct 4, 2021.
             Was a Follower of Yredelemnul.
             Succumbed to a killer bee's poison
             ... on level 5 of the Dungeon.
             The game lasted 00:08:41 (5715 turns).

raph the Spear-Bearer (Merfolk Gladiator)           Turns: 5715, Time: 00:08:42

Health: 0/50       AC:  6    Str: 14    XL:     7   Next: 65%
Magic:  7/7        EV: 13    Int:  8    God:    Yredelemnul [*.....]
Gold:   234        SH:  0    Dex: 17    Spells: 6/6 levels left

rFire    . . .     SeeInvis .   a - +0 halberd
rCold    . . .     Faith    .   (shield currently unavailable)
rNeg     . . .     Spirit   .   p - +0 leather armour
rPois    .         Reflect  .   c - +1 helmet
rElec    .         Harm     .   (no cloak)
rCorr    .         Rampage  .   g - +0 pair of gloves
Will     .....                  (no boots)
Stlth    +.........             (no amulet)
HPRegen  0.16/turn              (no ring)
MPRegen  0.10/turn              (no ring)

@: lethally poisoned (0 -> -5)
A: (nimble swimmer 2), mertail
a: Renounce Religion, Animate Remains


You were on level 5 of the Dungeon.
You worshipped Yredelemnul.
Yredelemnul was aware of your devotion.
You visited 1 branch of the dungeon, and saw 5 of its levels.

You collected 234 gold pieces.

Inventory:

Hand Weapons
 a - a +0 halberd (weapon)
 b - a +0 trident
Missiles
 d - a throwing net (quivered)
 i - 8 boomerangs
 o - 12 poisoned darts
Armour
 c - a +1 helmet (worn)
 g - a +0 pair of gloves (worn)
 p - a +0 leather armour (worn)
Jewellery
 e - a +6 ring of dexterity
Scrolls
 h - a scroll of magic mapping
 j - a scroll of fear
 l - 2 scrolls of teleportation
Potions
 f - 2 potions of lignification
 m - 2 potions of brilliance


   Skills:
 - Level 2.1 Fighting
 + Level 12.1 Polearms
 - Level 2.0 Throwing
 - Level 4.0 Dodging


You had 6 spell levels left.
You didn't know any spells.
Your spell library contained the following spells:

 Spells                   Type           Power      Damage    Failure   Level
 Gell's Gravitas          Tloc           0%         N/A       86%         3
 Lesser Beckoning         Tloc           0%         N/A       86%         3
 Teleport Other           Tloc           0%         N/A       86%         3


Dungeon Overview and Level Annotations

Branches:
Dungeon (5/15)
 Temple: D:4-7

Altars:
Dithmenos
Elyvilon
Makhleb
Okawaru
Yredelemnul

Shops:
D:4 =


Innate Abilities, Weirdness & Mutations

((You are quick and stealthy near water. (Stealth+, EV+, Speed+++)))
Your lower body shifts to a powerful aquatic tail in water.


Message History

The killer bee stings you but does no damage.
You miss the killer bee.
The killer bee is moderately wounded.
You feel sick.
The killer bee stings you but does no damage. x2
You barely miss the killer bee.
The killer bee is moderately wounded.
You feel sick.
The killer bee stings you but does no damage.
You miss the killer bee.
The killer bee is moderately wounded.
You feel sick.
The killer bee stings you but does no damage. x2
Okay, then.
You barely miss the killer bee.
The killer bee is moderately wounded.
The killer bee stings you but does no damage. x2
You miss the killer bee.
The killer bee is moderately wounded.
You feel sick.
You are no longer poisoned.
The killer bee stings you but does no damage.
The killer bee stings you.
* * * LOW HITPOINT WARNING * * *
You are lethally poisoned!
The killer bee poisons you!
It was a potion of haste.
You feel yourself speed up.
* * * LOW HITPOINT WARNING * * *
You feel sick. The killer bee barely misses you.
The killer bee stings you but does no damage.
It was a potion of cancellation.
Your magical effects are unravelling.
You feel magically purged.
You feel less wooden.
Your +1 helmet unmelds from your body.
Your +0 pair of gloves unmelds from your body.
Your +0 leather armour unmelds from your body.
You feel yourself slow down.
You die...
Your body rises from the dead as a mindless zombie.

############# ***** #........@y.#
,,,,***#.#########.##
,...............#...#############
,...y.....#####......##..........
*###......##..................###
,,,#####..##.##......##.#####.#
,*,****#....,*#.#.............#
,,,*,,,......##.##.####.#####.#
,,,,,**#..##.##..#.## #.# #.#


You could see a killer bee.

Vanquished Creatures
  A phantom (D:5)
  A scorpion (D:4)
  2 killer bees (D:5)
  A bullfrog zombie (D:5)
  A hound (D:5)
  A bullfrog skeleton (D:4)
  A jelly (D:4)
  An orc wizard (D:3)
  3 iguanas
  Robin (D:2)
  8 gnolls
  8 adders
  A dart slug (D:4)
  10 orcs
  6 ball pythons
  2 endoplasms (D:1)
  3 giant cockroaches
  13 goblins
  8 hobgoblins
  6 kobolds
  A quokka (D:4)
  6 bats
  4 frilled lizards
  4 rats
  A spectral goblin (D:1)
94 creatures vanquished.

Notes
Turn   | Place    | Note
-------+----------+-------------------------------------------
     0 | D:1      | raph the Merfolk Gladiator began the quest for the Orb.
     0 | D:1      | Reached XP level 1. HP: 16/16 MP: 1/1
   347 | D:1      | Reached skill level 5 in Polearms
   411 | D:1      | Reached XP level 2. HP: 7/22 MP: 2/2
  1189 | D:1      | Found a faded altar of an unknown god.
  1306 | D:2      | Reached skill level 6 in Polearms
  1306 | D:2      | Reached XP level 3. HP: 27/27 MP: 3/3
  1464 | D:2      | Reached XP level 4. HP: 28/33 MP: 4/4
  1467 | D:2      | Reached skill level 7 in Polearms
  1769 | D:2      | Noticed Robin
  2134 | D:2      | Killed Robin
  2309 | D:2      | Reached skill level 8 in Polearms
  2309 | D:2      | Reached XP level 5. HP: 38/38 MP: 5/5
  2700 | D:3      | Found a white marble altar of Elyvilon.
  2769 | D:3      | Found a basalt altar of Yredelemnul.
  2777 | D:3      | Became a worshipper of Yredelemnul the Dark
  3298 | D:3      | Found a burning altar of Makhleb.
  3298 | D:3      | Noticed a green death
  3363 | D:3      | Reached skill level 9 in Polearms
  3495 | D:4      | Reached XP level 6. HP: 40/44 MP: 6/6
  3537 | D:4      | Found Qilot's Jewellery Shoppe.
  3814 | D:4      | Found a shadowy altar of Dithmenos.
  3863 | D:4      | Reached skill level 10 in Polearms
  4795 | D:5      | Entered Level 5 of the Dungeon
  4939 | D:4      | Reached XP level 7. HP: 42/50 MP: 7/7
  4989 | D:5      | Found the +2 hat of the Bear Spirit {Spirit, +Rage rN+
                  | Will++}
  5004 | D:5      | Reached skill level 11 in Polearms
  5111 | D:5      | Found an iron altar of Okawaru.
  5445 | D:5      | Reached * piety under Yredelemnul
  5582 | D:5      | Reached skill level 12 in Polearms
  5713 | D:5      | HP: 3/75 [killer bee (5)]
  5714 | D:5      | HP: 1/75 [poisoned by a killer bee]
  5715 | D:5      | Succumbed to a killer bee's poison

Illustrated notes

Levels and vault maps discovered:
D:1:      kennysheep_arrival_forest, layout_basic,
          dreamdust_ecumenical_altar_drowned_temple
D:2:      minmay_evil_eye, layout_loops_cross, uniq_robin
D:3:      layout_rooms, kennysheep_ying_yang, makhleb_altar_promises_db
D:4:      layout_loops_ring, lemuel_doored_altar, serial_shops,
          nicolae_shop_stone
D:5:      layout_loops_ring, nicolae_uskayaw_dance_hall,
          okawaru_metal_pillars_1_2, corexii_checkpoint_a

Skill      XL: |  1  2  3  4  5  6  7 |
---------------+----------------------+-----
Polearms       | 5 6 8 9 10 12 | 12.1
Fighting       | |  2.1
Throwing       | |  2.0
Dodging        | |  4.0

Action                   |  1- 3 |  4- 6 |  7- 9 || total
-------------------------+-------+-------+-------++-------
Melee: Trident           |   111 |   157 |       ||   268
       Tailslap          |     1 |       |       ||     1
       Halberd           |       |    30 |    82 ||   112
Throw: Boomerang         |     5 |    24 |     1 ||    30
       Throwing net      |       |       |     2 ||     2
  Use: Scroll            |       |       |     6 ||     6
       Potion            |       |       |     3 ||     3
 Stab: Sleeping          |     1 |     3 |       ||     4
Armor: Leather armour    |    19 |    37 |    11 ||    67
       Skin              |       |       |    10 ||    10
Dodge: Dodged            |    74 |    85 |    56 ||   215
